AoeStats
← _Orca_

Arena

507231616Analyzed
2v2 RM · 14d ago on Sep 17, 2026· 77m 3s· 4 players
Game mode
Random Map
Map size
Medium (4 player)
Population
200
Speed
Normal
Resources
Standard
Victory
Conquest
Starting age
Dark Age
Ending age
Imperial Age
RankedLock teamsTeams togetherTeam positionsShared explorationLock speedFull tech treeHidden civsTurbo modeCheats
Victory
Defeat
🇫🇷 Burgundians · France
1524
+10
🇧🇩 Celts · Bangladesh
1357
+15
🇫🇷 Gurjaras · France
1373
-13
🇫🇷 Spanish · France
1362
-12
_Orca_
11:11 Feudal Age
14:50 Castle Age
13:39 Scale Barding Armor
15:00 Double-Bit Axe
15:44 Loom
16:29 Bow Saw
21:30 Horse Collar
21:50 Town Watch
22:06 Pikeman
24:05 Wheelbarrow
24:52 Scale Mail Armor
30:23 Imperial Age
28:11 Hand Cart
28:16 Gold Mining
28:31 Heavy Plow
28:13 Elite Skirmisher
29:40 Chain Mail Armor
30:37 Arson
30:39 Heavy Scorpion
31:51 Conscription
32:00 Halberdier
32:32 Capped Ram
36:13 Siege Engineers
37:09 Chemistry
38:29 Plate Mail Armor
37:56 Siege Ram
39:40 Furor Celtica
42:29 Forging
42:55 Fletching
47:10 Ballistics
46:30 Treadmill Crane
46:46 Murder Holes
47:01 Masonry
47:04 Fortified Wall
48:45 Iron Casting
50:53 Hoardings
51:32 Gambesons
56:26 Guilds
57:43 Blast Furnace
57:16 Bodkin Arrow
57:22 Padded Archer Armor
61:23 Leather Archer Armor
68:40 Caravan
74:43 Ring Archer Armor
Roronoa Yolo
3:40 Double-Bit Axe
10:34 Feudal Age
9:09 Horse Collar
15:46 Castle Age
15:34 Bow Saw
15:48 Heavy Plow
15:53 Light Cavalry
31:28 Loom
38:06 Wheelbarrow
41:09 Squires
41:35 Hand Cart
44:38 Imperial Age
42:30 Padded Archer Armor
43:34 Leather Archer Armor
44:40 Gold Mining
44:42 Stone Mining
46:22 Chemistry
45:04 Treadmill Crane
45:20 Fletching
44:58 Pikeman
45:44 Halberdier
46:27 Scale Mail Armor
46:37 Forging
48:41 Chain Mail Armor
49:01 Iron Casting
51:23 Plate Mail Armor
51:28 Iron Casting
51:46 Arson
51:58 Bodkin Arrow
52:29 Fortified Wall
53:04 Capped Ram
54:10 Conscription
54:59 Masonry
54:45 Murder Holes
55:11 Ballistics
56:42 Architecture
58:17 Hoardings
57:29 Cavalier
58:09 Husbandry
58:17 Scale Barding Armor
59:13 Blast Furnace
58:59 Hussar
60:04 Paladin
62:05 Two-Man Saw
61:36 Crop Rotation
61:45 Gold Shaft Mining
61:45 Stone Shaft Mining
62:10 Burgundian Vineyards
64:12 Town Watch
64:30 Bracer
64:51 Chain Barding Armor
66:47 Plate Barding Armor
Jesus Omega
10:34 Feudal Age
14:25 Castle Age
13:05 Double-Bit Axe
15:26 Bow Saw
16:13 Horse Collar
21:21 Loom
24:23 Town Watch
26:32 Gold Mining
29:54 Imperial Age
28:00 Wheelbarrow
28:29 Padded Archer Armor
29:27 Leather Archer Armor
29:25 Stone Mining
29:53 Fletching
31:36 Chemistry
31:29 Ring Archer Armor
30:54 Bodkin Arrow
36:18 Scale Barding Armor
36:24 Forging
36:14 Bracer
37:47 Bloodlines
37:38 Husbandry
39:36 Chain Barding Armor
39:51 Iron Casting
41:26 Light Cavalry
42:43 Plate Barding Armor
43:09 Blast Furnace
44:36 Hussar
48:19 Conscription
50:58 Stone Shaft Mining
50:29 Heavy Plow
51:29 Two-Man Saw
52:22 Hand Cart
52:33 Supremacy
54:16 Hoardings
59:06 Thumb Ring
71:15 Guilds
Ligéis
10:48 Feudal Age
14:36 Castle Age
12:26 Loom
14:42 Castle Age
13:04 Double-Bit Axe
14:49 Horse Collar
15:05 Gold Mining
19:55 Bow Saw
22:12 Wheelbarrow
28:05 Imperial Age
27:13 Hand Cart
26:43 Town Watch
27:39 Heavy Plow
28:26 Gold Shaft Mining
29:37 Scale Barding Armor
29:42 Forging
30:03 Light Cavalry
30:53 Bloodlines
31:08 Husbandry
31:36 Chain Barding Armor
31:53 Iron Casting
32:05 Hussar
34:50 Plate Barding Armor
39:45 Onager
52:09 Chemistry
51:29 Ballistics
61:20 Man-at-Arms
62:02 Scale Mail Armor
63:38 Long Swordsman
65:04 Heavy Camel Rider
70:15 Two-Handed Swordsman
71:44 Siege Elephant
74:30 Two-Handed Swordsman
Connection lost

Rejoining the realm…

Still unreachable

The connection could not be restored.

Session expired

The server has moved on; the page needs a fresh start.